 Dungeon Crawl Stone Soup version 0.26-a0-1021-gda264ca44c (webtiles) character file.

Game seed: 1507806273194130112

20 sahdkjhfkaj the Caller (level 2, 14/26 HPs)
             Began as a Deep Dwarf Summoner on Dec 9, 2020.
             Quit the game on level 2 of the Dungeon.
             The game lasted 00:01:52 (1072 turns).

sahdkjhfkaj the Caller (Deep Dwarf Summoner)        Turns: 1072, Time: 00:01:52

Health: 14/26      AC:  2    Str: 11    XL:     2   Next: 58%
Magic:  0/4        EV: 12    Int: 15    God:
Gold:   42         SH:  0    Dex: 13    Spells: 1/4 levels left

rFire    . . .     SeeInvis .   (no weapon)
rCold    . . .     Faith    .   (no shield)
rNeg     . . .     Spirit   .   a - +0 robe
rPois    .         Reflect  .   (no helmet)
rElec    .         Harm     .   (no cloak)
rCorr    .         Rampage  .   (no gloves)
Will     .....                  (no boots)
Stlth    ++........             (no amulet)
HPRegen  0.00/turn              (no ring)
MPRegen  0.09/turn              (no ring)

@: non-regenerating
A: damage resistance, heal wounds, sense surroundings 1, no regeneration
a: Heal Wounds


You were on level 2 of the Dungeon.
You visited 1 branch of the dungeon, and saw 2 of its levels.

You collected 42 gold pieces.

Inventory:

Armour
 a - a +0 robe (worn)
Scrolls
 b - a scroll of blinking {unknown}
 c - a scroll of teleportation
 d - a scroll of identify {unknown}
 e - a scroll of enchant armour {unknown}
 f - a scroll of magic mapping {unknown}
 g - a scroll of enchant weapon {unknown}
 h - a scroll of amnesia {unknown}
Potions
 i - a potion of curing {unknown}


   Skills:
 - Level 2.0 Fighting
 + Level 0.5 Axes
 - Level 2.1 Dodging
 - Level 2.4 Stealth
 - Level 1.7 Spellcasting
 - Level 3.6 Summonings


You had one spell level left.
You knew the following spells:

 Your Spells              Type           Power        Failure   Level
a - Call Imp              Summ           ##......     8%          2
b - Summon Small Mammal   Summ           ##..         5%          1

Your spell library contained the following spells:

 Spells                   Type           Power        Failure   Level
 Call Canine Familiar     Summ           ##......     16%         3
 Summon Guardian Golem    Hex/Summ       #.......     32%         3
 Summon Ice Beast         Ice/Summ       #.......     73%         4
 Summon Lightning Spire   Summ/Air       #.......     73%         4


Dungeon Overview and Level Annotations

Branches:
Dungeon (2/15)

Altars:


Innate Abilities, Weirdness & Mutations

You are resistant to damage.
You can heal yourself by infusing magical energy.
You passively map a small area around you.
You do not regenerate.


Message History

The gnoll hits your white imp.
Your white imp closely misses the gnoll.
Your white imp barely misses the gnoll.
Your bat hits the gnoll but does no damage. x2
Your bat hits the gnoll. The gnoll barely misses your white imp.
Your white imp barely misses the gnoll.
Your white imp hits the gnoll.
Your white imp freezes the gnoll.
Your bat hits the gnoll but does no damage. x2
The gnoll hits your bat!
Your bat dies!
Your bat's corpse disappears in a puff of smoke!
The frilled lizard completely misses you.
Your white imp hits the gnoll but does no damage.
The gnoll throws a stone.
The stone closely misses you.
Your white imp hits the gnoll.
Your white imp freezes the gnoll.
The gnoll dies!
Training target 2.0 for Fighting reached!
Your Fighting skill increases to level 2!
You need to enable at least one skill for training.
Are you sure you want to abandon this character and quit the game? (Confirm with "yes".)

* ** .#####*
* *####.....
, * #......#
# #
#......#.#.#
#..#.#.#....
#..........#
,
#..#.#.g....
#...l....# ,
#...@g...# ,
#(....5..# ,
####..5..# *
,....ยง>...
,..##.###. *
...# .. , *
...#* ..
#...# ###,


You could see 2 gnolls, a frilled lizard and 2 friendly white imps.

Vanquished Creatures
  2 giant cockroaches (D:1)
  3 goblins
  3 bats (D:1)
  2 frilled lizards
  2 kobolds (D:1)
  3 rats (D:1)
15 creatures vanquished.

Vanquished Creatures (collateral kills)
  A gnoll (D:2)
1 creature vanquished.

Grand Total: 16 creatures vanquished

Notes
Turn   | Place    | Note
-------+----------+-------------------------------------------
     0 | D:1      | sahdkjhfkaj the Deep Dwarf Summoner began the quest for the
                  | Orb.
     0 | D:1      | Reached XP level 1. HP: 15/15 MP: 3/3
   136 | D:1      | Reached skill level 1 in Fighting
   291 | D:1      | Reached XP level 2. HP: 20/25 MP: 4/4
   294 | D:1      | Learned a level 2 spell: Call Imp
  1072 | D:2      | Quit the game

Illustrated notes

Levels and vault maps discovered:
D:1:      wheals_arrival_shading, layout_basic, hex_large
D:2:      layout_basic, nicolae_qazlal_style_of_elements, serial_glass,
          glass_columns_a, glass_columns_a, minmay_fractal_squares_5

Skill      XL: |  1  2 |
---------------+-------+-----
Fighting       | 1 2 |  2.0
Axes           | |  0.5
Dodging        | |  2.1
Stealth        | |  2.4
Spellcasting   | |  1.7
Summonings     | |  3.6

Action                   || total
-------------------------++-------
Melee: Unarmed           ||   118
 Cast: Summon Small Mamm ||     2
       Call Imp          ||     3
  Use: Scroll            ||     1
 Stab: Sleeping          ||     1
Armor: Robe              ||    52
Dodge: Dodged            ||    97

Table legend: (Time is in decaauts)
 A = Elapsed time spent in this place.
 B = Non-inter-level travel time spent in this place.
 C = Inter-level travel time spent in this place.
 D = Time resting spent in this place.
 E = Time spent auto-exploring this place.
 F = Levels seen in this place.
 G = Mean time per level.
                   A        B        C        D        E       F      G
               +--------+--------+--------+--------+--------+-----+--------+
         Total |   1071 |   1068 |      3 |    100 |    753 |   2 |  535.5 |
       Dungeon |   1071 |   1068 |      3 |    100 |    753 |   2 |  535.5 |
               +--------+--------+--------+--------+--------+-----+--------+

Top non-repeatable levels by time:
     D:1: 1050 daAuts
     D:2: 21 daAuts
